 Dungeon Sprint DCSS version 0.18.1-50-g88ac8fd (webtiles) character file.

9800000 Groucho the Intangible (level 27, -1/273 HPs)
             Began as a Ghoul Warper on Sept 25, 2016.
             Was the Champion of Makhleb.
             Slain by a bag of meat
             ... wielding a +9 war axe
              (38 damage)
             ... in the Dungeon (Sprint VIII: "Arena of Blood").
             The game lasted 00:02:57 (98 turns).

Groucho the Intangible (Ghoul Warper)                 Turns: 98, Time: 00:02:58

Health: -1/273     AC:  6    Str: 19    XL:     27
Magic:  36/53      EV: 32    Int:  8    God:    Makhleb [******]
Gold:   0          SH:  0    Dex: 17    Spells: 2 memorised, 77 levels left

rFire  . . .     SeeInvis .     k - +∞ Axe of Woe
rCold  + . .     Gourm    .     a - +0 leather armour
rNeg   + + +     Faith    .     (shield currently unavailable)
rPois  ∞         Spirit   .     (no helmet)
rElec  .         Dismiss  .     (no cloak)
rCorr  .         Reflect  .     (no gloves)
SustAt .         Harm     .     (no boots)
MR     ++...     NoTele   +     (no amulet)
Stlth  +++++++++.               (no ring)
                                (no ring)

@: rotting, very resistant to hostile enchantments, incredibly stealthy
A: rotting body, claws 1, carnivore 3, cold resistance 1, negative energy
resistance 3, slow regeneration 1, torment resistance, unbreathing
a: Minor Destruction, Lesser Servant of Makhleb, Major Destruction, Greater
Servant of Makhleb, Renounce Religion


You were in the Dungeon.
You worshipped Makhleb.
Makhleb was exalted by your worship.
You were not hungry.

You visited 1 branch

Inventory:

Hand Weapons
 k - the +∞ Axe of Woe (weapon)
   (You found it in the Dungeon)
Missiles
 d - 5 tomahawks of dispersal (quivered)
Armour
 a - a +0 leather armour (worn)
Scrolls
 c - 2 scrolls of blinking
Potions
 e - a potion of curing
 g - a potion of heal wounds
 h - a potion of haste
 i - 2 potions of magic
 j - a potion of berserk rage
Books
 b - a book of Spatial Translocations

   Spells                             Type                      Level
   a - Apportation                    Translocation                1
   b - Blink                          Translocation                2
   c - Shroud of Golubria             Charms/Translocation         2
   d - Portal Projectile              Translocation                3
   e - Teleport Other                 Translocation                3
   f - Passage of Golubria            Translocation                4
Comestibles
 f - a meat ration


   Skills:
 O Level 27 Fighting
 O Level 27 Axes
 O Level 27 Throwing
 O Level 27 Armour
 O Level 27 Dodging
 O Level 27 Stealth
 O Level 27 Unarmed Combat
 O Level 27 Spellcasting
 O Level 27 Translocations
 O Level 27 Invocations


You had 77 spell levels left.
You knew the following spells:

 Your Spells              Type           Power        Failure   Level  Hunger
a - Apportation           Tloc           ######....   0%          1    None
b - Blink                 Tloc           N/A          0%          2    None


Dungeon Overview and Level Annotations

Branches:
Dungeon (1/1)

Altars:
Makhleb

Annotations:
D The Captor, The Servant


Innate Abilities, Weirdness & Mutations

Your body is rotting away.
You thrive on raw meat.
You are immune to poison.
You have sharp fingernails.
You are carnivorous and can eat meat at any time.
Your flesh is cold resistant.
You are immune to negative energy.
You regenerate slowly when monsters are visible.
You are immune to unholy pain and torment.
You can survive without breathing.


Message History

You hear a shout!
The bag of meat is engulfed in roaring flames.
You hear a shout! x2
An orc and a lich come into view.
You feel something staring at you.
A bolt of fire appears from out of thin air!
Deactivating autopickup; reactivate with Ctrl-A.
The bolt of fire hits you!
You hear a shout! x4
The Servant hits you with a +9 glaive of flaming!!!!
Ouch! That really hurt!
The Servant burns you!!!
* * * LOW HITPOINT WARNING * * *
You hear a shout!
The accursed casts a spell at you. Something smites you!
* * * LOW HITPOINT WARNING * * *
The bag of meat is engulfed in roaring flames.
The bag of meat hits you with a +9 war axe!!!
You die...

..%.%o_§o§§.....
.....#...§o#%.....
.....#_.oC_#......
.....#..§§o#......
.%...%._.))......
..%...###o.......
.###.....Co###...
. #..)@M§.# ..
...o#O)@o§§.#..
LMo..W).o§§......
.o..o.o)..%.....#
o..........W...#..
............@##...
...#........#.....
............#...##
..##.#....... ..
...........


You could see 2 accurseds, a tyrant (wandering), The Servant, a large bag of
meat (inner flame), 2 dreads, The Captor, a meat berserker (berserk) and 9 bags
of meat.

Vanquished Creatures
  9 hell beasts (D)
  A greater mummy (D)
  2 great orbs of eyes (D)
  5 wraiths (D)
  17 vampire knights (D)
  40 ogres (D)
  2 liches (D)
  53 orcs (D)
  2 phantoms (D)
  4 hill giants (D)
  2 skeletal warriors (D)
  4 large abominations (D)
  2 crawling corpses (D)
143 creatures vanquished.

Vanquished Creatures (others)
  A crawling corpse (D)
1 creature vanquished.

Grand Total: 144 creatures vanquished

Notes
Turn   | Place    | Note
--------------------------------------------------------------
     0 | D        | Groucho the Ghoul Warper began the quest for the Orb.
     0 | D        | Reached XP level 1. HP: 17/17 MP: 2/2
     3 | D        | Noticed a bag of meat
     4 | D        | Noticed a bag of meat
     4 | D        | Became a worshipper of Makhleb the Destroyer
     5 | D        | Noticed a bag of meat
     6 | D        | Noticed a bag of meat
     6 | D        | Noticed a bag of meat
     6 | D        | Noticed a bag of meat
     9 | D        | Noticed a bag of meat
     9 | D        | Noticed a bag of meat
     9 | D        | Noticed a meat berserker
     9 | D        | Noticed a meat berserker
     9 | D        | Killed a bag of meat
     9 | D        | Reached XP level 2. HP: 47/47 MP: 3/3
     9 | D        | Reached XP level 3. HP: 53/53 MP: 4/4
     9 | D        | Reached XP level 4. HP: 61/61 MP: 5/5
     9 | D        | Reached XP level 5. HP: 68/68 MP: 6/6
     9 | D        | Reached XP level 6. HP: 75/75 MP: 7/7
     9 | D        | Reached XP level 7. HP: 82/82 MP: 8/8
     9 | D        | Reached XP level 8. HP: 90/90 MP: 9/9
     9 | D        | Reached XP level 9. HP: 96/96 MP: 10/10
     9 | D        | Reached XP level 10. HP: 104/104 MP: 11/11
     9 | D        | Reached XP level 11. HP: 111/111 MP: 12/12
     9 | D        | Reached XP level 12. HP: 118/118 MP: 13/13
    10 | D        | Noticed a bag of meat
    10 | D        | Killed a bag of meat
    10 | D        | Reached * piety under Makhleb
    10 | D        | Reached XP level 13. HP: 48/130 MP: 14/14
    10 | D        | Killed a meat berserker
    10 | D        | Reached XP level 14. HP: 54/144 MP: 15/15
    10 | D        | Killed a bag of meat
    10 | D        | Reached ** piety under Makhleb
    10 | D        | Reached XP level 15. HP: 58/155 MP: 16/16
    11 | D        | Noticed a meat berserker
    11 | D        | Reached *** piety under Makhleb
    11 | D        | Reached XP level 16. HP: 98/167 MP: 17/17
    12 | D        | Killed a meat berserker
    12 | D        | Reached XP level 17. HP: 180/180 MP: 18/18
    12 | D        | Reached **** piety under Makhleb
    12 | D        | Reached skill level 27 in Dodging
    13 | D        | Killed a meat berserker
    13 | D        | Reached XP level 18. HP: 194/194 MP: 19/19
    14 | D        | Noticed a meat berserker
    15 | D        | Noticed a meat berserker
    16 | D        | Reached ***** piety under Makhleb
    16 | D        | Reached skill level 27 in Fighting
    16 | D        | Reached skill level 27 in Axes
    17 | D        | Killed a meat berserker
    17 | D        | Reached skill level 27 in Armour
    17 | D        | Reached XP level 19. HP: 207/207 MP: 19/27
    18 | D        | Noticed a meat berserker
    20 | D        | Killed a meat berserker
    21 | D        | Noticed a meat berserker
    22 | D        | Noticed a destroyer
    23 | D        | Killed a meat berserker
    23 | D        | Reached XP level 20. HP: 204/216 MP: 20/39
    25 | D        | Killed a destroyer
    26 | D        | Killed a meat berserker
    26 | D        | Reached ****** piety under Makhleb
    26 | D        | Reached XP level 21. HP: 224/224 MP: 20/45
    29 | D        | Noticed a meat berserker
    29 | D        | Noticed a destroyer
    30 | D        | Noticed a meat berserker
    30 | D        | Learned a level 2 spell: Blink
    31 | D        | Noticed a meat berserker
    31 | D        | Killed a meat berserker
    31 | D        | Reached skill level 27 in Invocations
    33 | D        | Noticed a destroyer
    33 | D        | Killed a destroyer
    33 | D        | Reached skill level 27 in Spellcasting
    33 | D        | Reached skill level 27 in Translocations
    33 | D        | Reached XP level 22. HP: 233/233 MP: 22/52
    34 | D        | Noticed a destroyer
    36 | D        | Noticed a destroyer
    37 | D        | Noticed a destroyer
    37 | D        | Reached XP level 23. HP: 240/240 MP: 23/53
    41 | D        | Killed a destroyer
    41 | D        | Reached skill level 27 in Throwing
    41 | D        | Reached skill level 27 in Unarmed Combat
    41 | D        | Reached skill level 15 in Stealth
    42 | D        | Killed a destroyer
    42 | D        | Reached skill level 27 in Stealth
    42 | D        | Reached XP level 24. HP: 249/249 MP: 24/53
    44 | D        | Killed a destroyer
    44 | D        | Reached XP level 25. HP: 257/257 MP: 25/53
    49 | D        | Reached XP level 26. HP: 266/266 MP: 26/53
    50 | D        | Noticed a destroyer
    52 | D        | Noticed The Servant
    56 | D        | Killed a destroyer
    56 | D        | Reached XP level 27. HP: 265/273 MP: 28/53
    58 | D        | Noticed a destroyer
    60 | D        | Noticed a destroyer
    62 | D        | Noticed a tyrant
    62 | D        | Noticed a meat beast
    63 | D        | Noticed an accursed
    63 | D        | Noticed an accursed
    64 | D        | Killed a destroyer
    67 | D        | Killed a destroyer
    67 | D        | Killed a meat beast
    70 | D        | Noticed a meat beast
    70 | D        | Killed a destroyer
    71 | D        | Noticed a dread
    71 | D        | Killed an accursed
    72 | D        | Noticed a meat beast
    72 | D        | Noticed a tyrant
    72 | D        | Noticed a dread
    72 | D        | Noticed a destroyer
    72 | D        | Noticed a destroyer
    73 | D        | Noticed a meat beast
    73 | D        | Killed a meat beast
    74 | D        | Noticed a destroyer
    74 | D        | Noticed a destroyer
    74 | D        | Killed a tyrant
    75 | D        | Noticed a meat beast
    75 | D        | Killed a tyrant
    75 | D        | Killed a destroyer
    75 | D        | Killed a dread
    75 | D        | Killed a destroyer
    76 | D        | Noticed a meat beast
    76 | D        | Killed a meat beast
    78 | D        | Killed a meat beast
    78 | D        | Killed a destroyer
    79 | D        | Noticed a meat beast
    79 | D        | Killed a meat beast
    79 | D        | Killed a dread
    79 | D        | Killed a destroyer
    81 | D        | Noticed a destroyer
    82 | D        | Noticed a dread
    83 | D        | Killed a meat beast
    84 | D        | Noticed a dread
    84 | D        | Noticed a destroyer
    84 | D        | Killed a meat beast
    85 | D        | Noticed a dread
    85 | D        | Noticed a meat beast
    87 | D        | Noticed a destroyer
    87 | D        | Noticed a meat beast
    89 | D        | Killed a meat beast
    89 | D        | Killed a meat beast
    89 | D        | Killed a destroyer
    90 | D        | Killed a dread
    91 | D        | Noticed a dread
    91 | D        | Noticed a dread
    91 | D        | Noticed a tyrant
    92 | D        | Noticed a destroyer
    92 | D        | Killed a dread
    93 | D        | Killed a destroyer
    94 | D        | Noticed The Captor
    94 | D        | Killed a destroyer
    94 | D        | Killed a dread
    94 | D        | Killed a destroyer
    96 | D        | Noticed an accursed
    98 | D        | Noticed a tyrant
    98 | D        | Slain by a bag of meat

Skill      XL: |  1  2  3  4  5  6  7  8  9 10 11 12 13 14 15 16 17 18 19 20 21 22 23 |
---------------+----------------------------------------------------------------------+-----
Fighting       | 14 16 18 19 21 23 25 27 | 27.0
Axes           | 12 14 16 17 19 22 25 27 | 27.0
Armour         | 12 14 16 17 18 20 22 27 | 27.0
Dodging        | 16 18 21 22 24 26 27 | 27.0
Spellcasting   | 6 16 21 27 | 27.0
Translocations | 7 17 22 27 | 27.0
Invocations    | 7 20 25 27 | 27.0
Throwing       | 7 20 27 | 27.0
Unarmed Combat | 8 23 27 | 27.0
Stealth        | 27 | 27.0

Action                   |  1- 3 |  4- 6 |  7- 9 | 10-12 | 13-15 | 16-18 | 19-21 | 22-24 | 25-27 || total
-------------------------+-------+-------+-------+-------+-------+-------+-------+-------+-------++-------
Melee: Executioner's axe |     1 |       |       |     1 |     1 |     5 |     8 |    10 |    44 ||    70
 Cast: Blink             |       |       |       |       |       |       |       |       |     1 ||     1
Armor: Leather armour    |       |       |       |       |       |       |       |       |     1 ||     1
Dodge: Dodged            |       |       |       |     1 |       |       |       |       |     8 ||     9
